 Dungeon Crawl Stone Soup version 0.28.0-53-g5a82cb258f (webtiles) character file.

Game seed: 9481003779863288623

304 issech the Skirmisher (level 6, -8/55 HPs)
             Began as a Minotaur Monk on June 5, 2022.
             Mangled by an ogre
             ... wielding a +0 giant spiked club
              (20 damage)
             ... on level 3 of the Dungeon.
             The game lasted 00:08:29 (3327 turns).

issech the Skirmisher (Minotaur Monk)               Turns: 3327, Time: 00:08:30

Health: -8/55      AC: 15    Str: 15    XL:     6   Next: 15%
Magic:  5/5        EV:  7    Int:  7    God:
Gold:   218        SH:  0    Dex: 15    Spells: 5/5 levels left

rFire   . . .      SeeInvis .   e - +0 long sword
rCold   . . .      Faith    .   (no shield)
rNeg    . . .      Spirit   .   u - +0 chain mail
rPois   .          Reflect  .   (helmet restricted)
rElec   .          Harm     .   (no cloak)
rCorr   .          Rampage  .   (no gloves)
Will    .....                   o - +2 pair of boots
Stlth   ..........              (no amulet)
HPRegen 0.18/turn               t - +4 ring of protection
MPRegen 0.09/turn               (no ring)

@: no status effects
A: horns 2, retaliatory headbutt
a: no special abilities


You were on level 3 of the Dungeon.
You visited 2 branches of the dungeon, and saw 5 of its levels.

You collected 218 gold pieces.

Inventory:

Hand Weapons
 a - a +0 hand axe
 d - a +0 hunting sling
 e - a +0 long sword (weapon)
 l - a +0 dagger of electrocution
Missiles
 f - 126 stones (quivered)
 k - 52 arrows
 n - 21 bolts
 v - 4 poisoned darts
 w - 19 sling bullets
Armour
 b - a +0 robe
 g - a +0 leather armour
 o - a +2 pair of boots (worn)
 q - a +0 ring mail
 r - a +0 scale mail
 u - a +0 chain mail (worn)
Jewellery
 t - a +4 ring of protection (left hand)
Scrolls
 h - a scroll of blinking {unknown}
 j - 3 scrolls of teleportation {unknown}
 s - a scroll of enchant armour {unknown}
 x - a scroll of identify {unknown}
Potions
 c - a potion of ambrosia {unknown}
 i - a potion of mutation {unknown}
 m - 2 potions of haste {unknown}
 p - a potion of curing {unknown}


   Skills:
 + Level 4.9 Fighting
 + Level 4.0 Long Blades
 + Level 3.9 Axes
 + Level 2.3 Slings
 + Level 2.1 Armour
 + Level 4.0 Dodging
 + Level 2.0 Stealth


You had 5 spell levels left.
You didn't know any spells.
Your spell library contained the following spells:

 Spells                   Type           Power      Damage    Failure   Level
 Scorch                   Fire           0%         2d5       100%        2
 Flame Wave               Conj/Fire      0%         2d4       100%        4
 Summon Cactus Giant      Summ           0%         N/A       100%        6


Dungeon Overview and Level Annotations

Branches:
Dungeon (4/15)             Temple (1/1) D:4

Altars:
Cheibriados
Dithmenos
Fedhas
Nemelex Xobeh
Okawaru
Sif Muna
Uskayaw
Vehumet
Yredelemnul


Innate Abilities, Weirdness & Mutations

You have a pair of horns on your head.
You reflexively headbutt those who attack you in melee.


Message History

You kill the hobgoblin!
You climb downwards.
Welcome to the Ecumenical Temple!
Found a basalt altar of Yredelemnul and a sparkling altar of Nemelex Xobeh.
There is a staircase back to the Dungeon here.
You start resting.
HP restored.
Found a hide-covered altar of Uskayaw.
Found a snail-covered altar of Cheibriados.
There is a basalt altar of Yredelemnul here.
Found a shadowy altar of Dithmenos.
Found an iron altar of Okawaru.
Found a shimmering blue altar of Sif Muna.
Found a radiant altar of Vehumet.
Found a blossoming altar of Fedhas.
There is a blossoming altar of Fedhas here.
Key pressed, stopping explore.
Key pressed, stopping explore.
Key pressed, stopping explore.
Key pressed, stopping explore.
Key pressed, stopping explore.
Key pressed, stopping explore.
Key pressed, stopping explore.
There is a fountain of clear blue water here.
Key pressed, stopping explore.
Partly explored, can't reach some places.
Partly explored, can't reach some places.
There is a fountain of clear blue water here.
There is a staircase back to the Dungeon here.
You climb upwards.
Welcome back to the Dungeon!
The ogre hits you with a +0 giant spiked club!
The ogre hits you with a +0 giant spiked club!!
There is a staircase to the Ecumenical Temple, spattered with blood here.
The ogre hits you with a +0 giant spiked club!
* * * LOW HITPOINT WARNING * * *
There is a stone staircase leading up here.
The ogre hits you but does no damage.
You climb upwards.
There is a stone staircase leading down here.
The ogre hits you with a +0 giant spiked club!!
You die...

....# #<...##### #......
..#.###..### ####.#..#.
#.#..##..#
#######.......##
#.##..#..#
##..........##.##
#.###....#
#..#####.#####.##
....>...#########.#......#
#.##
..####...#........#.######
#.# ..# ##.#....####....#
#.# ..# #.....#..###@####
#.## ..# #..#####..##O####
#... ..# #..# ##.....).##
#########. #.###..#
###.###).###.......#.
#.##...# #.#
##..)..P..PP... .....#.#
##.# ###........P..
#.####.# #..# #..P.PP.P...
..####.# ###.##
#..P.PP..P..
.......#####...#
#........P..


You could see an ogre.

Vanquished Creatures
  A water moccasin (D:3)
  An orc priest (D:3)
  A bullfrog skeleton (D:4)
  3 gnolls (D:3)
  4 adders
  A white imp (D:3)
  A worm (D:3)
  4 dart slugs
  3 orcs
  5 ball pythons
  7 bats
  5 endoplasms
  3 goblins
  6 hobgoblins
  7 jackals
  A quokka (D:4)
  3 frilled lizards
  7 kobolds
  4 rats
67 creatures vanquished.

Vanquished Creatures (others)
  A plant (D:3)
1 creature vanquished.

Grand Total: 68 creatures vanquished

Notes
Turn   | Place    | Note
-------+----------+-------------------------------------------
     0 | D:1      | issech the Minotaur Monk began the quest for the Orb.
     0 | D:1      | Reached XP level 1. HP: 19/19 MP: 0/0
   272 | D:1      | Reached XP level 2. HP: 24/27 MP: 1/1
   341 | D:1      | Found a faded altar of an unknown god.
  1181 | D:2      | Reached XP level 3. HP: 32/33 MP: 2/2
  1262 | D:2      | Reached skill level 1 in Long Blades
  1949 | D:3      | Reached skill level 1 in Armour
  1949 | D:3      | Reached XP level 4. HP: 41/41 MP: 3/3
  2031 | D:3      | Reached skill level 1 in Slings
  2267 | D:3      | Noticed a water moccasin
  2273 | D:3      | Killed a water moccasin
  2274 | D:3      | Reached XP level 5. HP: 41/47 MP: 4/4
  2591 | D:4      | Reached XP level 6. HP: 53/55 MP: 5/5
  2646 | D:4      | Found a staircase to the Ecumenical Temple.
  2648 | D:4      | HP: 1/55 [ogre/+0 giant spiked club (22)]
  2694 | Temple   | Entered the Ecumenical Temple
  3272 | D:4      | HP: 2/55 [ogre/+0 giant spiked club (16)]
  3327 | D:3      | Mangled by an ogre

Illustrated notes

Levels and vault maps discovered:
D:1:      psy_arrival_radial02, layout_loops_ring, basic_ecumenical_altar
D:2:      layout_loops_cross
D:3:      layout_rooms, nicolae_grassy_gnolls
D:4:      layout_rooms, nicolae_wu_jian_immortal_techniques,
          chequers_temple_overflow_statue_of_worship,
          minmay_temple_entry_sparse_star, kennysheep_flooded_box, uniq_robin,
          uniq_eustachio, uniq_grinder
Temple:   compressed_dpeg_triangle_lava_temple

Skill      XL: |  1  2  3  4  5  6 |
---------------+-------------------+-----
Fighting       | 4 |  4.9
Long Blades    | 1 3 4 |  4.0
Stealth        | 2 |  2.0
Armour         | 1 2 |  2.1
Slings         | 2 |  2.3
Dodging        | 4 |  4.0
Axes           | |  3.9

Action                   |  1- 3 |  4- 6 || total
-------------------------+-------+-------++-------
Melee: Hand axe          |    10 |       ||    10
       Long sword        |    82 |    57 ||   139
       Headbutt          |     6 |    13 ||    19
 Fire: Hunting sling     |    14 |     7 ||    21
 Stab: Sleeping          |     2 |       ||     2
Armor: Robe              |     2 |       ||     2
       Leather armour    |    22 |       ||    22
       Scale mail        |    16 |    16 ||    32
       Ring mail         |    15 |       ||    15
       Chain mail        |       |    36 ||    36
Dodge: Dodged            |    90 |    44 ||   134
